 Dungeon Crawl Stone Soup version 0.30.0-5-g1a98f26d00 (webtiles) character file.

Game seed: 15856483572823197599

735 H0rd4k the Sneak (level 8, -7/58 HPs)
             Began as a Human Artificer on May 8, 2023.
             Mangled by Maggie
             ... wielding the +9 lance "Wyrmbane" {slay drac, rPois rF+ rC+ AC+3}
              (21 damage)
             ... on level 6 of the Dungeon.
             The game lasted 00:06:25 (6137 turns).

H0rd4k the Sneak (Human Artificer)                  Turns: 6137, Time: 00:06:26

Health: -7/58      AC:  0    Str: 13    XL:     8   Next: 4%
Magic:  8/8        EV: 17    Int: 20    God:
Gold:   244        SH:  0    Dex: 13    Spells: 7/7 levels left

rFire   . . .        h - +0 dagger (venom)
rCold   . . .        (no shield)
rNeg    . . .        b - +0 leather armour
rPois   .            (no helmet)
rElec   .            (no cloak)
rCorr   .            (no gloves)
SInv    .            (no boots)
Will    .....        (no amulet)
Stlth   ++           o - +5 ring of evasion
HPRegen 0.29/turn    x - +6 ring of intelligence
MPRegen 0.11/turn

%: no passive effects
@: corroded
A: no striking features
a: no special abilities


You were on level 6 of the Dungeon.
You visited 2 branches of the dungeon, and saw 7 of its levels.
You also visited: Sewer.

You collected 244 gold pieces.

Inventory:

Hand Weapons
 h - a +0 dagger of venom (weapon)
 F - a +1 short sword of electrocution
Armour
 b - a +0 leather armour (worn)
 j - an orb of energy
Jewellery
 o - a +5 ring of evasion (left hand)
 q - a ring of fire
 x - a +6 ring of intelligence (right hand)
 E - a ring of ice
Wands
 c - a wand of flame (8) (quivered)
 d - a wand of charming (14)
Scrolls
 f - 7 scrolls of identify {unknown}
 g - 2 scrolls of enchant armour {unknown}
 i - 2 scrolls of enchant weapon {unknown}
 k - a scroll of brand weapon {unknown}
 p - 2 scrolls of blinking {unknown}
 r - 2 scrolls of magic mapping {unknown}
 w - a scroll of immolation {unknown}
 y - 3 scrolls of teleportation {unknown}
 A - 2 scrolls of fear {unknown}
 B - a scroll of butterflies {unknown}
 C - a scroll of poison {unknown}
Potions
 a - 3 potions of brilliance {unknown}
 l - 2 potions of flight {unknown}
 m - a potion of ambrosia {unknown}
 n - 3 potions of magic {unknown}
 s - a potion of might
 t - 2 potions of haste {unknown}
 u - 2 potions of resistance {unknown}
 v - 3 potions of heal wounds
 z - a potion of cancellation {unknown}
 D - 2 potions of curing {unknown}
 G - a potion of degeneration {unknown}


   Skills:
 + Level 3.2 Fighting
 + Level 4.1 Short Blades
 - Level 0.9 Maces & Flails
 - Level 2.0 Armour
 + Level 3.7 Dodging
 + Level 4.2 Stealth
 + Level 4.0 Evocations


You had 7 spell levels left.
You didn't know any spells.
Your spell library contained the following spells:

 Spells                   Type           Power      Damage    Failure   Level
 Beastly Appendage        Tmut           0%         N/A       24%         1
 Poisonous Vapours        Pois/Air       0%         N/A       36%         2
 Wereblood                Tmut           0%         N/A       36%         2
 Mephitic Cloud           Conj/Pois/Air  0%         N/A       58%         3
 Spider Form              Tmut/Pois      0%         N/A       58%         3
 Freezing Cloud           Conj/Ice/Air   0%         6-21      100%        5


Dungeon Overview and Level Annotations

Branches:
Dungeon (6/15)             Temple (1/1) D:4           Sewer (visited)

Altars:
Ashenzari
Cheibriados
Dithmenos
Elyvilon
Kikubaaqudgha
Nemelex Xobeh
Qazlal
Sif Muna
Trog
Uskayaw
Vehumet
Xom
Yredelemnul
Zin
The Shining One
Lugonu

Annotations:
D:2 exclusion: upstairs
D:3 1 runed translucent door, exclusion: door, Crazy Yiuf
D:6 Maggie


Message History

The bolt of fire hits you!!
* * * LOW HITPOINT WARNING * * *
Aiming: Iceblast
Press: ? - help, Shift-Dir - straight line, f/p - Maggie
Aim: Maggie, wielding the +9 lance "Wyrmbane" {slay drac, rPois rF+ rC+ AC+3} and wearing +0 acid dragon scales (moderately wounded, strong)
The mass of ice explodes!
The iceblast engulfs Maggie!
Maggie partially resists.
Maggie is moderately wounded.
The iceblast engulfs the iguana!
The iguana is moderately wounded.
You hear a bark!
Aiming: Iceblast
Press: ? - help, Shift-Dir - straight line, f/p - Maggie
Aim: Maggie, wielding the +9 lance "Wyrmbane" {slay drac, rPois rF+ rC+ AC+3} and wearing +0 acid dragon scales (moderately wounded, strong)
The mass of ice explodes!
The iceblast engulfs Maggie!
Maggie partially resists.
Maggie is heavily wounded.
You hear a shout!
Aiming: Iceblast
Press: ? - help, Shift-Dir - straight line, f/p - Maggie
Aim: Maggie, wielding the +9 lance "Wyrmbane" {slay drac, rPois rF+ rC+ AC+3} and wearing +0 acid dragon scales (heavily wounded, strong)
The mass of ice explodes!
The iceblast engulfs Maggie.
Maggie partially resists.
Maggie is severely wounded.
You hear a bark!
Aiming: Iceblast
Press: ? - help, Shift-Dir - straight line, f/p - Maggie
Aim: Maggie, wielding the +9 lance "Wyrmbane" {slay drac, rPois rF+ rC+ AC+3} and wearing +0 acid dragon scales (severely wounded, strong)
The mass of ice explodes!
The iceblast engulfs Maggie!
Maggie partially resists.
Maggie is almost dead.
The now-empty wand crumbles to dust.
Maggie closely misses you.
Aiming: Throw Flame
Press: ? - help, Shift-Dir - straight line, f/p - Maggie
Aim: Maggie, wielding the +9 lance "Wyrmbane" {slay drac, rPois rF+ rC+ AC+3} and wearing +0 acid dragon scales (almost dead, strong, 71% to hit)
The puff of flame hits Maggie but does no damage.
Maggie is almost dead.
A hound comes into view.
Maggie hits you from afar with the +9 lance "Wyrmbane" {slay drac, rPois rF+ rC+ AC+3}!!
You die...

..#####.##.##.###....#
#.^.....# #....#
#.##.#<######+##
#.##.#......#
#.##.#[.....#
#.##l.......+
#.##@#......#
#.#.###### #.@......?.
#......###..##
h....#.#.# # ###.
..... # ...#.##
......# ........
....#. .#


You could see Maggie (strong), an iguana and a hound (wandering).

Vanquished Creatures
  An ice beast (D:5)
  An ogre (D:5)
  A kobold brigand (Sewer)
  A scorpion (D:5)
  A hound (D:5)
  A sleepcap (D:5)
  Terence (D:2)
  2 iguanas
  An orc wizard (D:4)
  4 adders
  2 gnolls
  5 river rats (Sewer)
  An ufetubus (D:5)
  2 worms (D:3)
  A dart slug (D:4)
  5 orcs
  10 ball pythons
  8 endoplasms
  3 giant cockroaches
  10 goblins
  7 hobgoblins
  5 jackals
  3 quokkas
  14 bats
  4 frilled lizards
  18 kobolds
  32 rats
144 creatures vanquished.

Vanquished Creatures (collateral kills)
  A jelly (D:6)
1 creature vanquished.

Grand Total: 145 creatures vanquished

Notes
Turn   | Place    | Note
-------+----------+-------------------------------------------
     0 | D:1      | H0rd4k the Human Artificer began the quest for the Orb.
     0 | D:1      | Reached XP level 1. HP: 15/15 MP: 1/1
     2 | D:1      | Noticed a troll
     2 | D:1      | Noticed a demonspawn
     4 | D:1      | Noticed a demigod
     4 | D:1      | Noticed a minotaur
     6 | D:1      | Noticed a ghoul
     6 | D:1      | Noticed an ogre
     8 | D:1      | Noticed a formicid
     8 | D:1      | Noticed a felid
    10 | D:1      | Noticed a meteoran
    12 | D:1      | Noticed a spriggan
    12 | D:1      | Noticed a vine stalker
    14 | D:1      | Noticed an elf
    16 | D:1      | Noticed a draconian
    16 | D:1      | Noticed an armataur
    18 | D:1      | Noticed an octopode
    18 | D:1      | Noticed a gargoyle
    20 | D:1      | Noticed a vampire
    22 | D:1      | Noticed a naga
    22 | D:1      | Noticed a human
    24 | D:1      | Noticed an ogre
    24 | D:1      | Noticed a tengu
    26 | D:1      | Noticed an armataur
    26 | D:1      | Noticed an octopode
   173 | D:1      | Reached XP level 2. HP: 9/21 MP: 2/2
   588 | D:1      | Reached XP level 3. HP: 13/26 MP: 3/3
   704 | D:2      | Noticed Terence
   712 | D:2      | Killed Terence
   713 | D:2      | Reached XP level 4. HP: 32/32 MP: 4/4
  1444 | D:1      | Reached skill level 1 in Short Blades
  1503 | D:1      | Reached XP level 5. HP: 35/38 MP: 5/5
  1543 | D:1      | Found a faded altar of an unknown god.
  1872 | D:3      | Noticed a fire elemental
  1874 | D:3      | Found a stormy altar of Qazlal.
  1956 | D:3      | Noticed an air elemental
  1956 | D:3      | Noticed a water elemental
  1973 | D:3      | Found a glowing drain.
  2171 | Sewer    | Entered a sewer
  2734 | Sewer    | Reached XP level 6. HP: 30/44 MP: 6/6
  3373 | D:3      | Found a runed translucent door.
  3374 | D:3      | Noticed Crazy Yiuf
  3523 | D:3      | Found a hide-covered altar of Uskayaw.
  3608 | D:3      | Found an ancient bone altar of Kikubaaqudgha.
  4298 | D:4      | Found a staircase to the Ecumenical Temple.
  4328 | D:4      | Found a glowing golden altar of the Shining One.
  4487 | Temple   | Entered the Ecumenical Temple
  4967 | D:5      | Entered Level 5 of the Dungeon
  4978 | D:5      | Reached XP level 7. HP: 41/51 MP: 7/7
  5367 | D:5      | Found a radiant altar of Vehumet.
  5372 | D:5      | Found a broken altar of Ashenzari.
  5756 | D:5      | Found a shimmering altar of Xom.
  6097 | D:6      | Noticed Maggie
  6131 | D:6      | Reached XP level 8. HP: 33/58 MP: 8/8
  6137 | D:6      | Mangled by Maggie

Illustrated notes

Levels and vault maps discovered:
D:1:      kb_arrival_jail, layout_basic, basic_ecumenical_altar
D:2:      layout_basic, minmay_fountain_box, uniq_terence
D:3:      layout_loops_corners, mainiacjoe_overflow_24_doors,
          mainiacjoe_overflow_cross_hatched, nicolae_qazlal_style_of_elements,
          cheibrodos_sewer_entry_drain, uniq_crazy_yiuf_cottage
D:4:      layout_loops_ring, tso_metal_star, minmay_temple_entry_crystal_x,
          moated_statue
D:5:      minmay_inner_zag, layout_basic, mainiacjoe_overflow_big_doors,
          brannock_xom_greatest_gift, roderic_batcave,
          hangedman_decor_clover_reticule, kennysheep_generic_room_4
D:6:      layout_basic, lemuel_round_altar, uniq_maggie, uniq_duvessa
Temple:   corrupted_temple

Skill      XL: |  1  2  3  4  5  6  7 |
---------------+----------------------+-----
Evocations     | 4 |  4.0
Short Blades   | 1 2 3 4 |  4.1
Fighting       | 2 3 |  3.2
Stealth        | 2 3 4 |  4.2
Dodging        | 2 3 |  3.7
Maces & Flails | |  0.9
Armour         | |  2.0

Action                     |  1- 3 |  4- 6 |  7- 9 || total
---------------------------+-------+-------+-------++-------
  Melee: Club              |    52 |       |       ||    52
         Dagger            |    28 |   348 |    93 ||   469
         Punch             |       |     2 |       ||     2
  Evoke: Wand              |     3 |       |    10 ||    13
    Use: Potion            |       |     2 |       ||     2
   Stab: Sleeping          |     1 |     7 |     5 ||    13
 Armour: Leather armour    |    33 |    76 |    14 ||   123
  Dodge: Dodged            |    52 |   217 |    92 ||   361
